General information
- name: BNet
- type: Ladder 1vs1/FFA
- host: Battle.net
- saver: BEAR_AND
map: TerenasStand
- players: 2
- length: 19:45
- speed: Fast
- version: 1.24 W3XP
- replay type:

» download(78 KB)
Players
team 1 (loser)
AthuGGayCompany (
purple | 86 APM | 1695 actions | 19:43)
4 Firelord
2 Summon Lava Spawn
2 Incinerate
1 Mountain King
1 Storm Bolt
» actions
| Assign group hotkey | 61 | |
| Basic commands | 16 | |
| Build / train | 71 | |
| ESC pressed | 4 | |
| Enter build submenu | 30 | |
| Enter hero's abilities submenu | 5 | |
| Give item / drop item | 1 | |
| Right click | 700 | |
| Select / deselect | 409 | |
| Select group hotkey | 309 | |
| Use ability | 89 | |
1695 total
» units
| Peasant | 10 | |
| Footman | 10 | |
| Rifleman | 11 | |
| Goblin Shredder | 4 | |
| Spell Breaker | 1 | |
| Siege Engine | 3 | |
39 total
» upgrades
| Masonry | 2 | |
| Defend | 1 | |
| Long Rifles | 1 | |
| Magic Sentry | 1 | |
| Lumber Harvesting | 1 | |
| Barrage | 1 | |
7 total
» buildings
| Altar of Kings | 1 | |
| Farm | 8 | |
| Barracks | 2 | |
| Lumber Mill | 1 | |
| Scout Tower | 7 | |
| Guard Tower | 5 | |
| Arcane Vault | 1 | |
| Arcane Tower | 3 | |
| Keep | 1 | |
| Blacksmith | 1 | |
| Arcane Sanctum | 1 | |
| Castle | 1 | |
| Town Hall | 1 | |
| Workshop | 2 | |
35 total
» build order
00:12 Altar of Kings
00:16 Farm
00:27 Barracks
00:58 Lumber Mill
01:11 Farm
01:52 Farm
02:45 Scout Tower
02:52 Scout Tower
03:19 Guard Tower
04:23 Scout Tower
05:47 Scout Tower
06:24 Scout Tower
06:26 Scout Tower
06:30 Arcane Vault
06:54 Barracks
06:58 Scout Tower
06:59 Guard Tower
07:15 Arcane Tower
07:33 Arcane Tower
07:45 Farm
07:52 Keep
08:09 Blacksmith
10:24 Farm
11:04 Arcane Sanctum
11:14 Farm
11:43 Farm
12:49 Guard Tower
12:53 Guard Tower
13:05 Guard Tower
13:36 Arcane Tower
13:45 Castle
14:25 Town Hall
15:30 Workshop
15:45 Workshop
17:54 Farm
» items
| Scroll of Regeneration | 3 | |
| Ivory Tower | 5 | |
8 total
team 2 (winner)
BEAR_AND (
yellow | 137 APM | 2698 actions | 19:45)
7 Demon Hunter
3 Mana Burn
3 Evasion
1 Metamorphosis
» actions
| Assign group hotkey | 13 | |
| Basic commands | 2 | |
| Build / train | 73 | |
| Enter build submenu | 29 | |
| Enter hero's abilities submenu | 7 | |
| Give item / drop item | 5 | |
| Remove unit from queue | 9 | |
| Right click | 1853 | |
| Select / deselect | 297 | |
| Select group hotkey | 334 | |
| Use ability | 76 | |
2698 total
» units
| Wisp | 27 | |
| Archer | 6 | |
| Glaive Thrower | -3 | |
| Chimaera | 5 | |
35 total
» upgrades
| Ultravision | 1 | |
| Strength of the Wild | 3 | |
| Nature's Blessing | 1 | |
| Corrosive Breath | 1 | |
| Reinforced Hides | 0 | |
| Well Spring | 1 | |
7 total
» buildings
| Altar of Elders | 1 | |
| Moon Well | 6 | |
| Ancient of War | 1 | |
| Tree of Ages | 2 | |
| Hunter's Hall | 1 | |
| Ancient of Wind | 1 | |
| Ancient of Wonders | 1 | |
| Ancient Protector | 7 | |
| Tree of Eternity | 1 | |
| Tree of Life | 2 | |
| Chimaera Roost | 2 | |
25 total
» build order
00:11 Altar of Elders
00:24 Moon Well
00:34 Ancient of War
01:33 Moon Well
02:47 Moon Well
03:45 Tree of Ages
03:45 Tree of Ages
03:48 Hunter's Hall
05:09 Moon Well
06:20 Ancient of Wind
06:38 Ancient of Wonders
07:33 Ancient Protector
07:35 Ancient Protector
07:38 Ancient Protector
07:52 Ancient Protector
08:56 Tree of Eternity
09:22 Tree of Life
11:21 Chimaera Roost
11:21 Chimaera Roost
15:42 Ancient Protector
15:42 Ancient Protector
15:43 Ancient Protector
17:18 Moon Well
17:19 Moon Well
17:40 Tree of Life
» items
| Potion of Healing | 3 | |
| Boots of Speed | 1 | |
| Scroll of Town Portal | 1 | |
| Orb of Venom | 1 | |
| Staff of Teleportation | 1 | |
| Potion of Lesser Invulnerability | 1 | |
8 total
Chat log
(02:31 / All) BEAR_AND: firelord?
(02:35 / All) BEAR_AND: sweet
(03:09 / All) BEAR_AND: change of plans?
(04:20 / All) BEAR_AND: press "militia"
(04:23 / All) BEAR_AND: hahaha
(04:41 / All) BEAR_AND: worst tower rush ever?
(09:59 / All) BEAR_AND: so where did you learn fl tr?
(13:17 / All) BEAR_AND: hehe
(19:08 / All) AthuGGayCompany: :(
(19:10 / All) BEAR_AND: leave
(19:11 / All) BEAR_AND: shitnoob